General information
- name: GRUDGE01
- type: Custom game
- host: Chopstix
- saver: Chopstix
map: TwistedMeadows
- players: 9
- length: 06:44
- speed: Fast
- version: 1.21 W3XP
- replay type: Public
» download(26 KB)
Players
team 1 (loser)
Dexanth (
teal | 143 APM | 956 actions | 06:42)
2 Dark Ranger
1 Black Arrow
1 Life Drain
» actions
| Assign group hotkey | 24 | |
| Build / train | 38 | |
| Enter build submenu | 8 | |
| Enter hero's abilities submenu | 2 | |
| Remove unit from queue | 2 | |
| Right click | 571 | |
| Select / deselect | 167 | |
| Select group hotkey | 110 | |
| Use ability | 34 | |
956 total
» units
» buildings
| Moon Well | 3 | |
| Ancient of War | 3 | |
| Altar of Elders | 1 | |
| Hunter's Hall | 1 | |
8 total
» build order
00:19 Moon Well
00:33 Ancient of War
00:36 Altar of Elders
01:10 Moon Well
02:37 Ancient of War
03:40 Ancient of War
05:08 Moon Well
06:09 Hunter's Hall
team 2 (winner)
GreedoftheNoob (
red | 85 APM | 569 actions | 06:42)
3 Archmage
2 Summon Water Elemental
1 Brilliance Aura
» actions
| Assign group hotkey | 18 | |
| Basic commands | 9 | |
| Build / train | 41 | |
| ESC pressed | 1 | |
| Enter build submenu | 18 | |
| Enter hero's abilities submenu | 3 | |
| Right click | 210 | |
| Select / deselect | 203 | |
| Select group hotkey | 21 | |
| Use ability | 45 | |
569 total
» units
» upgrades
» buildings
| Altar of Kings | 1 | |
| Farm | 5 | |
| Barracks | 1 | |
| Lumber Mill | 1 | |
| Scout Tower | 9 | |
| Arcane Tower | 1 | |
| Guard Tower | 7 | |
25 total
» build order
00:06 Altar of Kings
00:18 Farm
00:19 Farm
00:33 Barracks
01:58 Farm
02:00 Farm
02:22 Lumber Mill
02:53 Scout Tower
03:16 Arcane Tower
03:17 Scout Tower
03:57 Farm
04:03 Guard Tower
04:11 Scout Tower
04:13 Scout Tower
04:26 Scout Tower
04:43 Guard Tower
04:46 Guard Tower
05:01 Scout Tower
05:22 Guard Tower
05:28 Scout Tower
05:39 Guard Tower
05:49 Scout Tower
05:58 Scout Tower
06:14 Guard Tower
06:39 Guard Tower
refereesChopstix,
VELOX_NEB,
fineX.,
digitalJESUS,
GapInTheTooth,
Panda_Slammed,
Radimon Chat log
(00:08 / Referees) digitalJESUS: not a cross spawn
(00:08 / Referees) digitalJESUS: oh boy
(00:29 / Referees) VELOX_NEB: yeah i was about to say you haven't been around much
(00:44 / All) Dexanth: Turkquil paths
(01:00 / All) GreedoftheNoob: you cant spell corporate manslaughter without corporate man's laughter
(01:18 / All) GreedoftheNoob: lagimon
(03:18 / Referees) VELOX_NEB: arcane rush
(03:21 / Referees) VELOX_NEB: v powerful
(03:29 / Referees) VELOX_NEB: lmao gg
(03:30 / Referees) Chopstix: rofl
(03:31 / Referees) Chopstix: ROFL
(03:36 / Referees) Chopstix: this is why turk replays are funny
(03:57 / Referees) Chopstix: he will somehow lose maybe
(04:08 / Referees) fineX.: STEALTH WISP
(04:10 / Referees) GapInTheTooth: teal already has wisps hidden around the map
(04:29 / Referees) VELOX_NEB: he's gotta keep the foots back...
(05:56 / Referees) Chopstix: does anyone else think that
(06:01 / Referees) Chopstix: this map is very similar to tranquil paths
(06:18 / Referees) Chopstix: friends.
(06:27 / Referees) VELOX_NEB: plunder isle
(06:29 / Referees) Chopstix: echo isles
(06:31 / Referees) VELOX_NEB: god that takes me back
(06:34 / Referees) VELOX_NEB: ah